 Dungeon Crawl Stone Soup version 0.19.5 (webtiles) character file.

61 Meiteisho the Chopper (level 4, -1/35 HPs)
             Began as a Human Berserker on May 2, 2017.
             Was a Believer of Trog.
             Slain by an ogre
             ... wielding a +0 giant club
              (2 damage)
             ... on level 4 of the Dungeon.
             The game lasted 00:13:17 (2759 turns).

Meiteisho the Chopper (Human Berserker)             Turns: 2759, Time: 00:13:17

Health: -1/35      AC: 11    Str: 18    XL:     4   Next: 27%
Magic:  4/4        EV:  6    Int:  7    God:    Trog [**....]
Gold:   57         SH:  0    Dex: 13    Spells: 0 memorised, 3 levels left

rFire  . . .     SeeInvis .     t - +2 whip (holy)
rCold  . . .     Gourm    .     u - +0 plate armour
rNeg   . . .     Faith    .     (no shield)
rPois  .         Spirit   .     (no helmet)
rElec  .         Reflect  .     (no cloak)
rCorr  .         Harm     .     (no gloves)
MR     .....                    (no boots)
Stlth  ..........               (no amulet)
                                (no ring)
                                (no ring)

@: no status effects
A: no striking features
a: Berserk, Trog's Hand, Burn Spellbooks, Renounce Religion


You were on level 4 of the Dungeon.
You worshipped Trog.
Trog was pleased with you.
You were hungry.

You visited 1 branch of the dungeon, and saw 3 of its levels.

You collected 57 gold pieces.

Inventory:

Hand Weapons
 a - a +0 hand axe
 f - a +0 club
 i - a +0 dagger
 j - a +0 dagger
 m - a +0 hunting sling
 n - a +0 short sword
 t - a +2 whip of holy wrath (weapon)
Missiles
 h - 22 bolts
Armour
 b - a +0 animal skin
 e - a +0 robe
 g - a +0 chain mail
 k - a +0 ring mail
 u - a +0 plate armour (worn)
Jewellery
 o - an uncursed ring of wizardry {unknown}
Scrolls
 l - a scroll of identify {unknown}
 q - a scroll of immolation {unknown}
 r - a scroll of enchant weapon {unknown}
 s - a scroll of remove curse {unknown}
 v - a scroll of fear {unknown}
 w - a scroll of fog {unknown}
Potions
 d - a potion of flight {unknown}
 p - 2 potions of curing {unknown}
Comestibles
 c - 2 bread rations


   Skills:
 + Level 3.5 Fighting
 + Level 3.9(4.0) Axes
 + Level 1.1(2.6) Maces & Flails
 + Level 2.4 Armour
 + Level 2.0 Dodging


You had 3 spell levels left.
You didn't know any spells.

Dungeon Overview and Level Annotations

Branches:
Dungeon (2/15)

Altars:


Message History

Your plate armour prevents you from hitting the ogre.
The ogre is heavily wounded.
The ogre closely misses you.
You hit the ogre.
The ogre is heavily wounded.
The ogre hits you with a giant club!
* * * LOW HITPOINT WARNING * * *
You hit the ogre.
The ogre is severely wounded.
The ogre hits you with a giant club!
* * * LOW HITPOINT WARNING * * *
Your plate armour prevents you from hitting the ogre.
The ogre is severely wounded.
You closely miss the ogre.
The ogre is severely wounded.
The ogre barely misses you.
Your plate armour prevents you from hitting the ogre.
The ogre is severely wounded.
The ogre hits you with a giant club.
You die...

#.## #..# #.# #..#
#.# ######.###...
#.# #>...........
#.####.#.#######.##
#......#.# #.#
######.#.# #.#
#.#.######
#.@O......
#.#.###### #.#.#
#.... ###..# ..#
..# ..#


You could see an ogre.

Vanquished Creatures
  An adder (D:2)
  An ooze (D:4)
  A dart slug (D:1)
  A ball python (D:4)
  2 bats (D:1)
  4 goblins
  7 hobgoblins (D:1)
  7 jackals (D:1)
  12 kobolds
  A quokka (D:2)
  2 frilled lizards
  3 rats (D:1)
42 creatures vanquished.

Notes
Turn   | Place    | Note
-------+----------+-------------------------------------------
     0 | D:1      | Meiteisho the Human Berserker began the quest for the Orb.
     0 | D:1      | Reached XP level 1. HP: 18/18 MP: 1/1
   144 | D:1      | Reached XP level 2. HP: 10/24 MP: 2/2
  1094 | D:1      | Reached XP level 3. HP: 29/29 MP: 3/3
  1922 | D:1      | Reached ** piety under Trog
  2130 | D:2      | Reached XP level 4. HP: 29/35 MP: 4/4
  2666 | D:2      | You fall through a shaft for 2 floors!
  2696 | D:4      | Reached skill level 1 in Maces & Flails
  2746 | D:4      | Noticed an ogre
  2756 | D:4      | HP: 1/35 [ogre/giant club (9)]
  2759 | D:4      | Slain by an ogre

Skill      XL: |  1  2  3  4 |
---------------+-------------+-----
Maces & Flails | 1 |  1.1
Fighting       | |  3.5
Axes           | |  3.9
Armour         | |  2.4
Dodging        | |  2.0

Action                   |  1- 3 |  4- 6 || total
-------------------------+-------+-------++-------
Melee: Hand axe          |    67 |       ||    67
       Whip              |    41 |    47 ||    88
  Eat: Meat ration       |     1 |       ||     1
Armor: Chain mail        |    27 |       ||    27
       Ring mail         |     6 |       ||     6
       Plate armour      |    30 |    24 ||    54
Dodge: Dodged            |    58 |    12 ||    70
